 Dungeon Crawl Stone Soup version 0.28.0-45-g0d030f2227 (webtiles) character file.

Game seed: 11918964914093182847

2195 zeratav the Martial Artist (level 9, 0/61 HPs)
             Began as an Octopode Transmuter on Apr 9, 2022.
             Was an Initiate of Ashenzari.
             Slain by an orc warrior
             ... wielding a +0 battleaxe
              (22 damage)
             ... on level 6 of the Dungeon.
             The game lasted 00:20:59 (11625 turns).

zeratav the Martial Artist (Octopode Transmuter)   Turns: 11625, Time: 00:21:00

Health: 0/61       AC:  6    Str:  9    XL:     9   Next: 34%
Magic:  7/12       EV: 24    Int: 16    God:    Ashenzari [......]
Gold:   402        SH:  0    Dex: 21    Spells: 8/12 levels left

rFire   x . .      SeeInvis .     - Unarmed
rCold   + . .      Faith    .   (shield currently unavailable)
rNeg    . . .      Spirit   .   (helmet currently unavailable)
rPois   x          Reflect  .   (no amulet)
rElec   .          Harm     .   s - ring of willpower
rCorr   .          Rampage  .   v - +4 ring of protection
Will    +....                   x - ring "Share My Embarrassment" {Ice, Fort, Melee} (curse)
Stlth   +++.......              (no ring)
HPRegen 0.20/turn               (no ring)
MPRegen 0.13/turn               (no ring)
                                (no ring)
                                (no ring)

@: spider-form (expiring)
A: venomous fangs, almost no armour, (amphibious), 8 rings, tiny, (camouflage
1), (gelatinous body 1), (nimble swimmer 1), (tentacles)
a: End Transformation, Renounce Religion, Curse Item, Shatter the Chains


You were on level 6 of the Dungeon.
You worshipped Ashenzari.
Ashenzari was noncommittal.
You were a venomous arachnid creature.
You visited 2 branches of the dungeon, and saw 8 of its levels.

You collected 402 gold pieces.


Innate Abilities, Weirdness & Mutations

You are a venomous arachnid creature.
You have poisonous fangs.
You are tiny and dextrous.
Your spellcasting is less reliable in this form.
Your armour is entirely melded.
You are incapable of wielding weapons or throwing items.
You cannot wear most types of armour.
((You are amphibious.))
You can wear up to eight rings at the same time.
((Your skin changes colour to match your surroundings (Stealth+).))
((Your rubbery body absorbs attacks. (AC +1, EV +1)))
((You are camouflaged when in or above water. (Stealth+)))
((You have tentacles for arms and can constrict up to eight enemies at once.))


   Skills:
 + Level 5.2 Fighting
 + Level 5.5 Dodging
 - Level 5.0 Stealth
 * Level 8.0(8.5) Unarmed Combat
 - Level 2.0 Spellcasting
 + Level 3.8 Transmutations
 + Level 3.1 Ice Magic


You had 8 spell levels left.
You knew the following spells:

 Your Spells              Type           Power      Damage    Failure   Level
a - Beastly Appendage     Tmut           26%        N/A       13%         1
b - Spider Form           Tmut/Pois      7%         N/A       50%         3

Your spell library contained the following spells:

 Spells                   Type           Power      Damage    Failure   Level
 Freeze                   Ice            68%        1d8       17%         1
 Wereblood                Tmut           13%        N/A       17%         2
 Passwall                 Tmut/Erth      5%         N/A       32%         2
 Frozen Ramparts          Ice            34%        1d5       36%         3
 Sandblast                Erth           2%         2d4       41%         1
 Ice Form                 Ice/Tmut       19%        N/A       67%         4
 Stone Arrow              Conj/Erth      2%         3d7       73%         3
 Hailstorm                Conj/Ice       9%         3d4       88%         4

Inventory:

Hand Weapons
 n - the +3 whip "Bofyitun" (melded) {vorpal, rElec Will+ SInv, mace}
   (You found it on level 4 of the Dungeon)

   It inflicts extra damage upon your enemies.
   rElec:     It insulates you from electricity.
   SInv:      It lets you see invisible.
   Will:      It increases your willpower.
Jewellery
 s - a ring of willpower (left front leg)
   (You found it on level 6 of the Dungeon)
 v - a +4 ring of protection (right front leg)
   (You found it on level 6 of the Dungeon)
 x - the cursed ring "Share My Embarrassment" (on tentacle) {Ice, Fort, Melee}
   (You found it on level 5 of the Dungeon)

   [ring of ice]

   It enhances your ice magic.
   rF:        It makes you vulnerable to fire.
   rC:        It protects you from cold.
   It has a curse which improves the following skills: Fortitude: Shields.
   Melee Combat: Short Blades, Long Blades, Axes, Maces & Flails, Polearms,
   Staves and Unarmed Combat.
Wands
 l - a wand of charming (7)
   (You found it on level 3 of the Dungeon)
Scrolls
 a - 3 scrolls of enchant weapon
 b - a scroll of blinking {!r}
 c - a scroll of immolation {!r!r}
 g - a scroll of fear
 h - 2 scrolls of teleportation {@r4}
Potions
 d - 3 potions of lignification {!q}
 e - 2 potions of flight
 i - 2 potions of invisibility {unknown}
 j - a potion of heal wounds {@q2}
 k - 2 potions of resistance {unknown}
 m - 2 potions of mutation {unknown}
 o - a potion of brilliance {unknown}
 r - 2 potions of haste {@q3}
 u - 2 potions of curing {unknown}
 w - 2 potions of attraction {unknown}
 z - a potion of degeneration {unknown}

Dungeon Overview and Level Annotations

Branches:
Dungeon (7/15)             Temple (1/1) D:6

Altars:
Ashenzari
Cheibriados
Dithmenos
Elyvilon
Gozag
Kikubaaqudgha
Makhleb
Nemelex Xobeh
Okawaru
Qazlal
Sif Muna
Trog
Uskayaw
Vehumet
Xom
Zin
The Shining One

Shops:
D:4 ( D:6

*::* ####......#..............
#......#.............. #####
##.....#..............
#...#########.....###......##'###
#...#...............#......#.....
#...#...............#......'.....
#...#...............#......#.....
#...#..........o....#......#.....
#...'...........s...#......#.....
#...#...............#......#.....
#####################......######
.........................###...##
.........................#......#
....................(....#......#
.........................#.......
.........................#.......
.....###'#########'######..8.8.8.


You could see an orc warrior (extremely poisoned).


Message History

The vampire mosquito completely misses you.
HP[+1]
You bite the vampire mosquito! The vampire mosquito barely misses you.
The vampire mosquito bites you but does no damage.
MP[+1]
You hit the vampire mosquito.
The vampire mosquito closely misses you.
You closely miss the vampire mosquito.
Your transformation has ended.
The +3 whip "Bofyitun" {vorpal, rElec Will+ SInv, mace} unmelds from your body.
The vampire mosquito barely misses you. The vampire mosquito misses you.
You closely miss the vampire mosquito. Your grab misses the vampire mosquito.
The vampire mosquito closely misses you.
The vampire mosquito bites you but does no damage.
You barely miss the vampire mosquito. You grab the vampire mosquito.
You constrict the vampire mosquito.
You destroy the vampire mosquito!
Your Unarmed Combat skill increases to level 8!
Your Ice Magic skill increases to level 3!
HP[+1]
You start resting.
HP[+5] MP[+4]
You regained 5 hp, and now have 46/61 hp.
Your mp is fully restored (12).
You start resting.
HP[+15]
Your hp is fully restored (61).
You start waiting.
Done waiting.
Casting: Spider Form (dangerous; 28% risk of failure)
Confirm with . or Enter, or press ? or * to list all spells.
You miscast Spider Form.
You are very lightly contaminated with residual magic.
You feel rather nauseous for a moment.
You are poisoned.
You feel sick.
HP[-2] MP[-3]
You take 2 damage, and now have 59/61 hp.
You lost 3 mp, and now have 9/12 mp.
You start resting.
You feel sick. x2
You are no longer poisoned.
Your magical contamination has completely faded away.
HP[+2] MP[+2]
Your hp is fully restored (61).
You regained 2 mp, and now have 11/12 mp.
You start resting.
MP[+1]
Your mp is fully restored (12).
You start waiting.
Done waiting.
Casting: Spider Form (dangerous; 28% risk of failure)
Confirm with . or Enter, or press ? or * to list all spells.
You miscast Spider Form.
You are very lightly contaminated with residual magic.
Nothing appears to happen.
MP[-3]
You lost 3 mp, and now have 9/12 mp.
Casting: Spider Form (dangerous; 28% risk of failure)
Confirm with . or Enter, or press ? or * to list all spells.
You turn into a venomous arachnid creature.
The +3 whip "Bofyitun" {vorpal, rElec Will+ SInv, mace} melds into your body.
MP[-3]
You lost 3 mp, and now have 6/12 mp.
You climb downwards.
The orc warrior barely misses you. The orc misses you.
There is a stone staircase leading up here.
You bite the orc!
You kill the orc!
The orc warrior closely misses you.
You bite the orc priest!
You kill the orc priest!
Your transformation is almost over.
The orc warrior hits you with a +0 battleaxe!!
HP[-20]
You take 20 damage, and now have 41/61 hp.
MASSIVE DAMAGE!! (PAUSE)
The orc warrior closely misses you.
You climb upwards.
There is a stone staircase leading down here.
HP[+1] MP[+1]
You hit the orc warrior but do no damage.
The orc warrior is poisoned.
The orc warrior hits you with a +0 battleaxe!!
* * * LOW HITPOINT WARNING * * *
HP[-21]
You take 21 damage, and now have 21/61 hp.
MASSIVE DAMAGE!! (PAUSE)
You bite the orc warrior!
The orc warrior looks as sick as possible!
The orc warrior barely misses you.
You barely miss the orc warrior. The orc warrior misses you.
Your magical contamination has completely faded away.
You hit the orc warrior but do no damage.
The orc warrior looks as sick as possible!
HP[+1]
You hit the orc warrior but do no damage.
The orc warrior misses you.
You hit the orc warrior but do no damage.
The orc warrior looks as sick as possible!
The orc warrior hits you with a +0 battleaxe!!
You die...

Skill      XL: |  1  2  3  4  5  6  7  8  9 |
---------------+----------------------------+-----
Stealth        | 1 2 3 4 5 |  5.0
Fighting       | 2 3 4 5 |  5.2
Unarmed Combat | 4 5 6 7 8 |  8.0
Dodging        | 3 4 5 |  5.5
Ice Magic      | 2 3 |  3.1
Transmutations | 3 |  3.8
Spellcasting   | |  2.0

Action                   |  1- 3 |  4- 6 |  7- 9 || total
-------------------------+-------+-------+-------++-------
Melee: Unarmed           |   105 |    38 |    88 ||   231
       Constrict         |    27 |    20 |    26 ||    73
       Tentacles         |    22 |    16 |    23 ||    61
       Kick              |    15 |    12 |    11 ||    38
       Punch             |     4 |     2 |     7 ||    13
       Whip              |       |    44 |   110 ||   154
 Cast: Beastly Appendage |    17 |    11 |     9 ||    37
       Spider Form       |       |     4 |    13 ||    17
Invok: Curse Item        |       |       |     1 ||     1
 Abil: End Transformatio |       |       |     1 ||     1
Evoke: Wand              |       |     1 |       ||     1
  Use: Potion            |       |     2 |     2 ||     4
       Scroll            |       |     1 |    12 ||    13
 Stab: Sleeping          |     7 |     7 |     8 ||    22
Armor: Skin              |    19 |     7 |    37 ||    63
Dodge: Dodged            |    76 |    60 |   142 ||   278

Levels and vault maps discovered:
D:1:      roderic_octagonal_star, layout_loops_ring,
          ebering_ecumenical_altar_mist
D:2:      layout_basic, basic_altar
D:3:      layout_rooms, serial_forest, infiniplex_forest_corner_1,
          infiniplex_forest_corner_1, infiniplex_forest_zigzag_1,
          infiniplex_forest_lined_ring, infiniplex_forest_end_1,
          infiniplex_forest_corner_1, infiniplex_forest_diagonal, chequers_jeans
D:4:      layout_gridville, serial_shops, shop, serial_undead, serial_undead_a,
          serial_undead_a, serial_undead_c, serial_undead_d, uniq_blork_the_orc
D:5:      layout_loops_corners, serial_bayou_ford_a
D:6:      layout_gridville, trog_butcher_becter,
          minmay_temple_entry_statues_fountains, serial_shops,
          nicolae_shop_crystal, nicolae_shop_temple_entry_statues_fountains,
          shop, nicolae_shop_waterfront
D:7:      nicolae_cairo_tiling_large_dashed, layout_loops_ring
Temple:   minmay_crystal_snake_temple

Notes
Turn   | Place    | Note
-------+----------+-------------------------------------------
     0 | D:1      | zeratav the Octopode Transmuter began the quest for the
                  | Orb.
     0 | D:1      | Reached XP level 1. HP: 13/13 MP: 3/3
     0 | D:1      | magus.rc [v1.9.6]
   341 | D:1      | Reached XP level 2. HP: 14/18 MP: 5/5
   431 | D:1      | Reached skill level 1 in Stealth
   684 | D:1      | You pick up a book of Geomancy and begin reading...
   684 | D:1      | You add the spells Sandblast, Passwall and Stone Arrow to
                  | your library.
   839 | D:1      | Found a faded altar of an unknown god.
   864 | D:1      | HP: 4/18 [dart slug/slug dart (4)]
   866 | D:1      | Reached XP level 3. HP: 5/23 MP: 4/6
  1626 | D:2      | Found an opulent altar of Gozag.
  1638 | D:2      | You pick up a book of Frost and begin reading...
  1638 | D:2      | You add the spells Freeze, Frozen Ramparts and Hailstorm to
                  | your library.
  2325 | D:3      | Reached skill level 2 in Stealth
  2601 | D:3      | Reached XP level 4. HP: 29/29 MP: 7/7
  2808 | D:3      | Reached skill level 2 in Fighting
  3369 | D:4      | Reached skill level 4 in Unarmed Combat
  3373 | D:4      | Learned a level 3 spell: Spider Form
  3387 | D:4      | Identified the +3 whip "Bofyitun" {vorpal, rElec Will+
                  | SInv}
  3442 | D:4      | Reached XP level 5. HP: 29/34 MP: 8/8
  3566 | D:4      | Reached skill level 3 in Stealth
  3633 | D:4      | Reached skill level 3 in Dodging
  3671 | D:4      | Found Guuwaeto's Antique Weapon Shoppe.
  3831 | D:4      | You fall into a shaft and drop 2 floors!
  3844 | D:6      | Found Gegoyhah's Book Shoppe.
  3852 | D:6      | Noticed a black bear
  3988 | D:6      | Killed a black bear
  3989 | D:6      | Reached XP level 6. HP: 31/41 MP: 6/9
  4076 | D:6      | Found Uddust's Book Emporium.
  4167 | D:6      | Reached skill level 5 in Unarmed Combat
  4208 | D:6      | Found a staircase to the Ecumenical Temple.
  4216 | Temple   | Entered the Ecumenical Temple
  4339 | Temple   | Became a worshipper of Ashenzari the Shackled
  4443 | D:6      | Found Adobummy's Assorted Antiques.
  4445 | D:6      | Noticed a water moccasin
  4596 | D:6      | HP: 10/41 [iguana (9)]
  4601 | D:6      | Reached skill level 3 in Fighting
  4601 | D:6      | Reached skill level 4 in Stealth
  5029 | D:6      | HP: 9/42 [poisoned by a water moccasin]
  5030 | D:6      | HP: 1/42 [poisoned by a water moccasin]
  5039 | D:6      | Killed a water moccasin
  5040 | D:6      | Reached XP level 7. HP: 19/46 MP: 4/10
  5318 | D:6      | Found a bloodstained altar of Trog.
  5762 | D:6      | HP: 8/46 [poisoned by a scorpion]
  5763 | D:6      | Reached skill level 4 in Dodging
  5763 | D:6      | Reached skill level 5 in Stealth
  5764 | D:6      | HP: 1/46 [poisoned by a scorpion]
  5770 | D:6      | HP: 11/46 [poisoned by a scorpion]
  5797 | D:5      | Entered Level 5 of the Dungeon
  6136 | D:5      | Reached skill level 6 in Unarmed Combat
  6557 | D:5      | Reached skill level 4 in Fighting
  6557 | D:5      | Reached XP level 8. HP: 41/54 MP: 11/11
  7324 | D:4      | Noticed Blork the orc
  7342 | D:4      | Killed Blork the orc
  7343 | D:4      | Reached skill level 1 in Ice Magic
  7959 | D:5      | Reached skill level 7 in Unarmed Combat
  9377 | D:6      | Reached skill level 3 in Transmutations
  9377 | D:6      | Reached skill level 2 in Ice Magic
  9532 | D:6      | Found Issueps's Assorted Antiques.
  9633 | D:6      | Reached skill level 5 in Dodging
 10113 | D:6      | Reached XP level 9. HP: 41/60 MP: 12/12
 10489 | D:7      | Reached skill level 5 in Fighting
 11289 | D:6      | Reached skill level 8 in Unarmed Combat
 11289 | D:6      | Reached skill level 3 in Ice Magic
 11625 | D:6      | Slain by an orc warrior

Vanquished Creatures
  3 vampire mosquitoes (D:6)
  A water moccasin (D:6)
  An orc warrior (D:6)
  An ice beast (D:6)
  An ogre (D:6)
  2 black bears
  A necrophage (D:5)
  Blork the orc (D:4)
  A kobold brigand (D:7)
  4 scorpions
  A gnoll sergeant (D:5)
  A water moccasin skeleton (D:5)
  2 hounds
  2 jellies
  2 orc priests (D:7)
  A centaur zombie (D:5)
  2 bullfrog skeletons
  4 iguanas
  2 centaur skeletons (D:4)
  An orc wizard (D:7)
  A scorpion zombie (D:4)
  A hound skeleton (D:4)
  2 hound zombies (D:4)
  3 gnolls (D:5)
  4 adders
  2 ufetubi (D:5)
  2 adder zombies (D:4)
  An adder skeleton (D:4)
  4 dart slugs
  14 orcs
  4 bats
  8 endoplasms
  A giant cockroach (D:1)
  7 goblins
  5 hobgoblins
  2 jackals (D:4)
  A quokka (D:1)
  8 ball pythons
  6 frilled lizards
  10 kobolds
  4 rats
124 creatures vanquished.

Vanquished Creatures (others)
  14 plants
14 creatures vanquished.

Grand Total: 138 creatures vanquished

Table legend:
 A = Non-vault XP
 B = Vault XP
 C = Vault XP percentage of total XP
 D = Non-vault monster count
 E = Vault monster count
 F = Vault count percentage of total count
                 A         B        C        D         E       F
            +---------+---------+-------+---------+---------+-------
      Total |    2611 |     526 |  16.8 |     113 |      11 |   8.9
            +---------+---------+-------+---------+---------+-------
        D:1 |      42 |       0 |   0.0 |      23 |       0 |   0.0
        D:2 |      16 |       0 |   0.0 |      10 |       0 |   0.0
        D:3 |      50 |       0 |   0.0 |      19 |       0 |   0.0
        D:4 |     330 |     186 |  36.0 |      16 |       7 |  30.4
        D:5 |     558 |       0 |   0.0 |      15 |       0 |   0.0
        D:6 |    1390 |     340 |  19.7 |      19 |       4 |  17.4
        D:7 |     225 |       0 |   0.0 |      11 |       0 |   0.0
            +---------+---------+-------+---------+---------+-------

Illustrated notes

Table legend:
 A = Kills in this place as a percentage of kills in entire the game.
 B = Kills by you in this place as a percentage of kills by you in the entire game.
 C = Kills by friends in this place as a percentage of kills by friends in the entire game.
 D = Other kills in this place as a percentage of other kills in the entire game.
 E = Experience gained in this place as a percentage of experience gained in the entire game.
 F = Experience gained in this place divided by the number of levels of this place that you have seen.
                   A       B       C       D       E      F
               +-------+-------+-------+-------+-------+----------------------
         Total | 100.0 | 100.0 |   N/A |   N/A | 100.0 | 392.1
       Dungeon | 100.0 | 100.0 |   N/A |   N/A | 100.0 | 448.1
               +-------+-------+-------+-------+-------+----------------------

Table legend: (Time is in decaauts)
 A = Elapsed time spent in this place.
 B = Non-inter-level travel time spent in this place.
 C = Inter-level travel time spent in this place.
 D = Time resting spent in this place.
 E = Time spent auto-exploring this place.
 F = Levels seen in this place.
 G = Mean time per level.
                   A        B        C        D        E       F      G
               +--------+--------+--------+--------+--------+-----+--------+
         Total |  11634 |  10983 |    651 |   4629 |   4291 |   8 | 1454.2 |
       Dungeon |  11436 |  10855 |    581 |   4629 |   4183 |   7 | 1633.7 |
        Temple |    197 |    127 |     70 |      0 |    108 |   1 |  197.0 |
               +--------+--------+--------+--------+--------+-----+--------+

Top non-repeatable levels by time:
     D:6: 4080 daAuts
     D:5: 2321 daAuts
     D:4: 1336 daAuts
     D:1: 1281 daAuts
     D:3: 1103 daAuts
     D:2: 1001 daAuts
     D:7: 311 daAuts
  Temple: 197 daAuts
